Map: New Repugnancy LE

Players

Clem - Winner!

  • Race: Terran Terran
  • Spawn Location: 1:00

Snute

  • Race: Zerg Zerg
  • Spawn Location: 7:00

Event: IEM Season 13: Katowice (2019)

VOD

Have the link to the VOD?

Description

Time

  • Played on: Feb. 25, 2019, 8:19 a.m.
  • Length: 10:47

All games in this series

Show
View Real Time Build Order
Export as new Build Order

Clem Terran - Winner!

Build Orders: Gas First Reaper Expand, Liberator Opening 

Get SALT Encoding   

  12  0:00  SCV  
  13  0:12  SCV  
  14  0:17  Supply Depot  
  14  0:24  SCV  
  15  0:29  Refinery  
  15  0:38  SCV  
  16  0:44  Barracks  
  16  0:50  SCV  
  17  1:02  SCV  
  18  1:15  SCV  
  19  1:31  Reaper, Orbital Command  
  20  1:43  Command Center  
  20  1:54  Factory  
  20  1:57  SCV  
  21  2:06  Barracks Reactor  
  21  2:10  Supply Depot  
  21  2:12  SCV  
  22  2:19  Refinery  
  22  2:24  SCV  
  23  2:36  SCV  
  24  2:42  Starport  
  24  2:46  Hellion  
  24  2:47  Hellion  
  24  2:49  Marine  
  29  2:53  SCV  
  30  2:58  Orbital Command  
  30  3:05  SCV  
  31  3:08  Barracks Tech Lab  
  31  3:14  Liberator  
  31  3:17  SCV  
  31  3:18  Hellion  
  31  3:19  Supply Depot  
  34  3:22  Hellion  
  34  3:25  SCV  
  40  3:35  SCV  
  41  3:45  Hellion x2  
  41  3:46  Supply Depot  
  41  3:48  SCV  
  46  3:53  Stimpack  
  46  3:56  SCV, Marine  
  48  4:04  Liberator, SCV  
  49  4:10  SCV  
  49  4:16  Command Center  
  50  4:21  Factory Tech Lab  
  53  4:24  Marine  
  53  4:27  SCV  
  55  4:32  SCV  
  56  4:40  Barracks x2  
  56  4:42  Siege Tank  
  59  4:47  Supply Depot  
  59  4:48  SCV x2  
  61  4:55  Marine  
  62  5:03  Engineering Bay  
  62  5:04  Engineering Bay  
  62  5:08  SCV x2  
  62  5:13  Marine  
  61  5:20  SCV x2  
  57  5:29  Marine x2  
  57  5:30  Starport Reactor, Barracks Reactor  
  57  5:31  Marine  
  57  5:32  Terran Infantry Armor Level 1, Terran Infantry Weapons Level 1  
  57  5:33  SCV x2  
  59  5:36  Orbital Command  
  56  5:47  Siege Tank, Marine  
  56  5:48  SCV  
  56  5:49  Marine  
  62  5:51  Supply Depot  
  62  5:53  Bunker  
  62  5:55  SCV  
  62  5:56  Refinery x2  
  63  5:58  Marine  
  63  6:02  SCV  
  62  6:05  Combat Shield, Marine  
  62  6:06  Marine x3  
  62  6:10  SCV x2  
  68  6:19  Barracks, Marine  
  68  6:20  Barracks, SCV  
  68  6:22  SCV  
  72  6:28  Medivac  
  72  6:29  Marine x3  
  72  6:31  Orbital Command  
  76  6:32  Medivac  
  76  6:34  SCV  
  76  6:37  SCV  
  80  6:43  Marine x2  
  80  6:45  Armory, Supply Depot  
  80  6:46  SCV  
  83  6:48  Marine  
  83  6:49  Marine  
  83  6:53  Siege Tank  
  88  6:54  SCV  
  89  7:01  SCV x2, Supply Depot  
  89  7:03  Supply Depot  
  89  7:05  Marine  
  89  7:06  Marine x2  
  89  7:07  SCV, Medivac  
  97  7:13  SCV, Marine  
  98  7:16  Barracks Reactor x2  
  98  7:18  SCV  
  98  7:19  Refinery, SCV  
  98  7:20  Refinery  
  98  7:21  Supply Depot  
  99  7:25  SCV  
  99  7:27  Supply Depot, Marine x3  
  99  7:29  Siege Tank  
  106  7:31  Marine x2  
  106  7:34  SCV  
  109  7:40  SCV x2  
  111  7:46  Factory  
  107  7:55  Marine  
  107  7:56  Marine x4  
  107  7:57  Medivac x2  
  107  7:58  SCV x2, Marine x2  
  115  8:01  Marine x2  
  115  8:02  SCV  
  118  8:08  Factory  
  118  8:10  Siege Tank  
  121  8:13  Marine x2  
  121  8:16  Marine x2  
  121  8:18  SCV  
  120  8:21  SCV  
  120  8:22  Marine  
  120  8:23  SCV  
  120  8:25  Terran Infantry Weapons Level 2  
  120  8:26  Supply Depot x2  
  122  8:28  Terran Infantry Armor Level 2  
  122  8:30  SCV  
  122  8:35  Medivac  
  122  8:37  Medivac  
  122  8:39  Marine  
  127  8:47  Siege Tank  
  130  8:49  Marine  
  130  8:50  Marine x3  
  130  8:51  SCV x2  
  130  8:54  Marine x2  
  135  8:56  Marine x2  
  135  9:01  Marine  
  129  9:03  Factory Tech Lab  
  129  9:05  Medivac  
  129  9:06  Command Center  
  129  9:07  Marine x2  
  131  9:11  Medivac  
  131  9:12  Marine x4  
  131  9:14  Marine x2  
  133  9:19  Siege Tank, Marine  
  133  9:22  Supply Depot  
  137  9:25  Marine  
  137  9:28  Marine  
  137  9:30  Siege Tank  
  143  9:32  Supply Depot  
  143  9:33  Marine x2  
  137  9:38  Marine  
  137  9:43  Marine  
  137  9:45  Marine x3  
  140  9:46  Marine x2  
  140  9:50  Marine  
  140  9:51  Siege Tank, Marine  
  142  9:56  Marine  
  135  10:00  Medivac x2  
  135  10:01  Marine  
  135  10:02  Siege Tank  
  135  10:05  Barracks, Marine  
  135  10:06  Marine  
  145  10:08  Barracks x2  
  145  10:15  Marine  
  145  10:21  Marine x2  
  144  10:27  Marine x2  
Show
View Real Time Build Order
Export as new Build Order

Snute Zerg 

Build Orders: Pool First 

Get SALT Encoding   

  12  0:00  Drone  
  13  0:12  Overlord  
  13  0:17  Drone  
  14  0:30  Drone x2  
  14  0:34  Drone  
  17  0:44  Spawning Pool  
  17  0:48  Drone  
  17  1:09  Hatchery  
  17  1:11  Drone  
  17  1:14  Drone  
  18  1:19  Extractor, Drone  
  18  1:30  Queen  
  18  1:32  Zergling x2  
  21  1:39  Overlord  
  21  1:49  Drone  
  22  2:01  Drone  
  23  2:06  Queen  
  25  2:10  Drone  
  26  2:20  Metabolic Boost  
  26  2:21  Queen  
  28  2:23  Drone x2  
  30  2:32  Overlord, Drone  
  31  2:38  Drone x2  
  31  2:39  Drone  
  34  2:45  Drone x2  
  36  2:54  Overlord  
  36  2:56  Drone  
  37  3:04  Zergling x2  
  38  3:06  Drone  
  38  3:12  Drone x3  
  42  3:15  Drone x3  
  42  3:19  Overlord  
  45  3:20  Zergling x2  
  46  3:28  Drone  
  46  3:31  Drone  
  48  3:34  Hatchery  
  46  3:44  Zergling x4  
  46  3:47  Queen x2  
  52  3:51  Drone x6  
  58  3:57  Zergling x2  
  58  3:59  Zergling x2  
  60  4:07  Extractor, Overlord  
  59  4:10  Zergling x2  
  58  4:17  Baneling Nest  
  58  4:20  Zergling x2  
  58  4:21  Zergling x2  
  58  4:23  Queen  
  60  4:25  Queen  
  60  4:27  Zergling x2  
  60  4:28  Zergling x4  
  65  4:32  Zergling x2  
  66  4:39  Zergling x6, Spore Crawler  
  68  4:45  Queen  
  70  4:53  Drone x4  
  70  4:55  Overlord  
  70  4:59  Overlord  
  74  5:00  Lair  
  68  5:08  Zergling x4  
  68  5:09  Zergling x2  
  68  5:10  Zergling x10  
  62  5:20  Drone  
  62  5:21  Drone x2  
  61  5:24  Drone  
  61  5:26  Drone x2  
  64  5:30  Drone x2  
  64  5:34  Drone x5  
  69  5:37  Drone x2  
  69  5:41  Drone  
  70  5:43  Drone  
  70  5:48  Drone  
  71  5:55  Drone  
  70  5:59  Drone x2  
  70  6:02  Hatchery  
  70  6:03  Drone  
  71  6:08  Evolution Chamber  
  71  6:09  Centrifical Hooks  
  71  6:10  Evolution Chamber  
  69  6:13  Drone x3  
  69  6:15  Drone  
  69  6:16  Drone  
  69  6:17  Drone  
  75  6:18  Drone  
  75  6:21  Drone  
  75  6:23  Drone x2  
  75  6:24  Drone  
  81  6:25  Drone  
  81  6:26  Drone  
  81  6:29  Extractor, Drone  
  81  6:30  Extractor  
  81  6:35  Zerg Ground Armor Level 1  
  81  6:36  Zerg Melee Weapons Level 1  
  81  6:38  Overlord  
  81  6:43  Overlord  
  81  6:44  Drone  
  81  6:45  Overlord  
  82  6:56  Drone x2  
  82  6:57  Overlord  
  82  6:58  Zergling x12  
  90  7:02  Baneling x9  
  90  7:03  Zergling x2, Baneling  
  90  7:04  Zergling x4  
  93  7:09  Zergling x6  
  93  7:13  Zergling x2  
  93  7:14  Zergling x10  
  102  7:24  Extractor, Spire  
  102  7:25  Zergling x10  
  105  7:35  Zergling x8  
  109  7:39  Overlord  
  109  7:40  Drone x6  
  115  7:50  Zergling x2  
  115  7:51  Zergling x6  
  110  7:55  Zergling x4  
  110  7:57  Baneling x6  
  98  8:02  Zergling x10  
  103  8:08  Baneling x6  
  103  8:11  Zergling x18  
  112  8:16  Zergling x4  
  112  8:21  Zergling x2  
  112  8:22  Zergling x2  
  111  8:27  Hatchery  
  111  8:32  Zergling x10  
  111  8:40  Baneling x9  
  107  8:47  Zergling x18  
  109  8:52  Zergling x2  
  99  8:56  Zergling x4  
  99  9:00  Zergling x8  
  95  9:07  Baneling  
  95  9:08  Baneling x7  
  87  9:10  Zergling x8  
  87  9:12  Queen x4  
  92  9:19  Baneling x10  
  92  9:20  Baneling x3  
  92  9:23  Zergling x4  
  94  9:26  Baneling x2  
  94  9:31  Zergling x10  
  95  9:32  Zergling x2  
  93  9:41  Zergling x12  
  97  9:47  Zergling x4  
  95  9:56  Zergling x2  
  95  9:57  Zergling x8  
  95  10:00  Baneling x5  
  95  10:01  Baneling x7  
  95  10:08  Zergling x10  
  95  10:13  Zergling x6  
  94  10:15  Zergling x2  
  94  10:18  Zergling x2  
  89  10:22  Mutalisk x3  
  89  10:23  Mutalisk x2  
  89  10:27  Baneling  
  89  10:28  Baneling  

Tags
 
Add a new tag
Caveats
  • Supply blocks, unpowered buildings, or Contaminate may cause inaccurate times.
  • Supply counts are checked every 10 seconds.